 Dungeon Crawl Stone Soup version 0.31-a0-691-g409c26aa35 (webtiles) character file.

Game seed: 14158635278694790431

210 qw the Shooter (level 5, -1/33 HPs)
             Began as a Gargoyle Hunter on Sept 6, 2023.
             Slain by an iguana (6 damage)
             ... on level 4 of the Dungeon.
             The game lasted 00:01:02 (2776 turns).

qw the Shooter (Gargoyle Hunter)                    Turns: 2776, Time: 00:01:03

Health: -1/33      AC: 11    Str: 15    XL:     5   Next: 87%
Magic:  5/5        EV: 11    Int:  9    God:
Gold:   124        SH:  0    Dex: 15    Spells: 4/4 levels left

rFire   . . .        Y - +0 shortbow
rCold   . . .        (shield currently unavailable)
rNeg    + . .        c - +0 leather armour
rPois   inf          (no helmet)
rElec   +            f - +1 cloak
rCorr   +            (no gloves)
SInv    .            b - +1 pair of boots {Stlth+}
Will    .....        (no amulet)
Stlth   +++          g - ring of resist corrosion
HPRegen 0.25/turn    (no ring)
MPRegen 0.09/turn

%: no passive effects
@: no status effects
A: sickness immunity, AC +4, negative energy resistance 1, electricity
resistance, torment resistance 1, petrification resistance
a: no special abilities


You were on level 4 of the Dungeon.
You visited 2 branches of the dungeon, and saw 5 of its levels.

You collected 124 gold pieces.


Innate Abilities, Weirdness & Mutations

You are immune to sickness and miasma.
Your stone body is resilient. (AC +4)
You are immune to poison.
You resist negative energy. (rN+)
You are resistant to electric shocks. (rElec)
You are resistant to unholy torment.
You are immune to petrification.


   Skills:
 + Level 3.7 Fighting
 - Level 6.0 Ranged Weapons
 - Level 1.7 Armour
 - Level 1.5 Dodging
 - Level 1.1 Stealth


You had 4 spell levels left.
You didn't know any spells.
Your spell library was empty.

Inventory:

Hand Weapons
 Y - a +0 shortbow (weapon)
Armour
 b - a +1 pair of boots of stealth (worn)
 c - a +0 leather armour (worn)
 f - a +1 cloak (worn)
Jewellery
 g - a ring of resist corrosion (left hand)
Scrolls
 d - a scroll of identify
Potions
 a - 3 potions of curing
 e - a potion of attraction {unknown}
 i - a potion of resistance {unknown}

Dungeon Overview and Level Annotations

Branches:
Dungeon (4/15)             Temple (1/1) D:4

Altars:
Ashenzari
Cheibriados
Dithmenos
Fedhas
Gozag
Kikubaaqudgha
Nemelex Xobeh
Ru
Trog
Wu Jian
Xom
Yredelemnul
Zin

Annotations:
D:3 1 runed translucent door, Crazy Yiuf


Message History

You shoot an arrow.
The arrow hits the iguana but does no damage.
The iguana is almost dead.
The iguana closely misses you.
You shoot an arrow.
The arrow hits the iguana but does no damage.
The iguana is almost dead.
The iguana bites you!
You shoot an arrow.
The arrow hits the iguana but does no damage.
The iguana is almost dead.
The iguana completely misses you.
You shoot an arrow. The arrow hits the iguana.
The iguana is almost dead.
The iguana bites you!
You shoot an arrow. The arrow completely misses the iguana.
The arrow hits the adder but does no damage.
The adder is almost dead.
The iguana closely misses you. The iguana barely misses you.
You shoot an arrow.
The arrow hits the iguana but does no damage.
The iguana is almost dead.
The iguana bites you but does no damage.
You shoot an arrow. The arrow barely misses the iguana.
The arrow hits the adder!
You kill the adder!
The iguana bites you!
You shoot an arrow. The arrow barely misses the iguana.
The iguana bites you but does no damage.
You shoot an arrow.
The arrow hits the iguana but does no damage.
The iguana is almost dead.
The iguana closely misses you.
You shoot an arrow.
The arrow hits the iguana but does no damage.
The iguana is almost dead.
The iguana bites you but does no damage.
You shoot an arrow. The arrow closely misses the iguana.
The iguana bites you.
You die...

. .. ... .... ...#
#####....##.#
#..@l....##.#.#
#.###....##.#.#
#.#.......#.#.#
.##.###.#+#.....#.#.#
................#.#.######
#########........#.#.#.....
.....................+.....
.#######.............#.....
#.....#...#.........


You could see an iguana.

Vanquished Creatures
  An orc priest (D:3)
  An iguana (D:4)
  8 adders
  A worm (D:3)
  9 orcs
  3 endoplasms
  4 giant cockroaches
  7 hobgoblins
  6 jackals
  2 quokkas (D:3)
  7 ball pythons
  7 bats
  5 frilled lizards
  4 goblins
  6 kobolds
  4 rats
75 creatures vanquished.

Notes
Turn   | Place    | Note
-------+----------+-------------------------------------------
     0 | D:1      | qw the Gargoyle Hunter began the quest for the Orb.
     0 | D:1      | Reached XP level 1. HP: 12/12 MP: 1/1
     0 | D:1      | 0 ||| qw: Version: 0.3-a-76-g4403597
     0 | D:1      | 0 ||| qw: Game counter: 32
     0 | D:1      | 0 ||| qw: Melee chars always use a shield: true
     0 | D:1      | 0 ||| qw: God list: Okawaru
     0 | D:1      | 0 ||| qw: Allow faded altars: false
     0 | D:1      | 0 ||| qw: Do Orc after clearing Dungeon:15 true
     0 | D:1      | 0 ||| qw: Do second Lair branch before Depths: true
     0 | D:1      | 0 ||| qw: Lair rune preference: random
     0 | D:1      | 0 ||| qw: Goals: Normal
     0 | D:1      | 0 ||| PLANNING D:1-11
   243 | D:1      | Reached XP level 2. HP: 17/17 MP: 2/2
   443 | D:1      | 443 ||| RETREATING.
   688 | D:1      | Reached XP level 3. HP: 21/21 MP: 3/3
   793 | D:1      | 793 ||| DROPPING ring of wizardry.
   794 | D:1      | 794 ||| UPGRADING to ring of resist corrosion.
   795 | D:1      | 795 ||| READING scroll labelled MOMOIZ ZEIGH.
   796 | D:1      | 796 ||| READING scroll labelled QIQESE DAUPUA.
   797 | D:1      | 797 ||| DROPPING scroll of butterflies.
   901 | D:2      | Reached skill level 5 in Ranged Weapons
   952 | D:2      | Identified the +7 dagger of the Ageing Ancients {freeze,
                  | rElec}
  1179 | D:2      | Reached skill level 3 in Fighting
  1476 | D:2      | 1476 ||| READING scroll labelled TOEME ENULIVE.
  1477 | D:2      | 1477 ||| READING 2 scrolls labelled DUYRUQASUN.
  1478 | D:2      | 1478 ||| READING scroll labelled PAPSANU QUIRCH.
  1478 | D:2      | Identified a scroll of acquirement
  1478 | D:2      | 1478 ||| ACQUIRING +1 pair of boots of stealth
  1478 | D:2      | Acquired a +1 pair of boots of stealth
  1480 | D:2      | 1480 ||| UPGRADING to +1 pair of boots of stealth.
  1485 | D:2      | 1485 ||| READING scroll labelled VOGOPR OHUPTOGG.
  1486 | D:2      | 1486 ||| READING scroll labelled DUUCVY WUIDEEGAE.
  1587 | D:2      | 1587 ||| READING scroll labelled ZEL CEROAHICSE.
  1588 | D:2      | 1588 ||| DROPPING scroll of poison.
  1606 | D:3      | Reached XP level 4. HP: 28/28 MP: 4/4
  1613 | D:3      | 1613 ||| Stepping ~*~*~tactically~*~*~ (outnumbered).
  1647 | D:3      | 1647 ||| FLEEEEING.
  1651 | D:3      | 1651 ||| STAIRDANCE
  1755 | D:3      | Found an ornate altar of the Wu Jian Council.
  1792 | D:3      | Found a shadowy altar of Dithmenos.
  1874 | D:3      | Found a faded altar of an unknown god.
  1929 | D:3      | Reached XP level 5. HP: 32/32 MP: 5/5
  2066 | D:3      | Found a runed translucent door.
  2067 | D:3      | Noticed Crazy Yiuf
  2164 | D:3      | 2164 ||| UPGRADING to +1 cloak.
  2169 | D:3      | 2169 ||| DRINKING 2 purple potions.
  2519 | D:4      | Reached skill level 1 in Armour
  2590 | D:4      | Reached skill level 6 in Ranged Weapons
  2641 | D:4      | Found a staircase to the Ecumenical Temple.
  2642 | D:4      | 2642 ||| PLANNING TEMPLE
  2668 | Temple   | Entered the Ecumenical Temple
  2669 | Temple   | 2669 ||| PLANNING D:1-11
  2772 | D:4      | HP: 4/32 [iguana (8)]
  2776 | D:4      | Slain by an iguana

Levels and vault maps discovered:
D:1:      tarquinn_simple_flora_water_c, layout_loops_ring, dk_noncrumbling_2,
          minmay_door_square, grunt_decor_arrowhead, minmay_misc_feat_cross,
          chequers_serial_rivers_room_b
D:2:      layout_basic, minmay_pentomino_s4
D:3:      layout_rooms, nicolae_dithmenos_the_darkroom,
          nzn_wu_jian_contemplation, nicolae_ecumenical_oubliette,
          uniq_crazy_yiuf_cottage
D:4:      layout_basic, mainiacjoe_overflow_24_doors, minmay_temple_entry_hall,
          minmay_misc_feat_tower
Temple:   minmay_temple_curvy_loop

Skill      XL: |  1  2  3  4  5 |
---------------+----------------+-----
Ranged Weapons | 5 6 |  6.0
Fighting       | 3 |  3.7
Armour         | 1 |  1.7
Dodging        | |  1.5
Stealth        | |  1.1

Action                     |  1- 3 |  4- 6 || total
---------------------------+-------+-------++-------
   Fire: Shortbow          |   111 |   127 ||   238
    Use: Scroll            |     8 |       ||     8
         Potion            |       |     1 ||     1
 Armour: Leather armour    |    40 |    41 ||    81
  Dodge: Dodged            |    23 |    46 ||    69

Table legend:
 A = Non-vault XP
 B = Vault XP
 C = Vault XP percentage of total XP
 D = Non-vault monster count
 E = Vault monster count
 F = Vault count percentage of total count
                 A         B        C        D         E       F
            +---------+---------+-------+---------+---------+-------
      Total |     300 |       0 |   0.0 |      75 |       0 |   0.0
            +---------+---------+-------+---------+---------+-------
        D:1 |      35 |       0 |   0.0 |      23 |       0 |   0.0
        D:2 |      42 |       0 |   0.0 |      13 |       0 |   0.0
        D:3 |     107 |       0 |   0.0 |      22 |       0 |   0.0
        D:4 |     116 |       0 |   0.0 |      17 |       0 |   0.0
            +---------+---------+-------+---------+---------+-------
